 Dungeon Crawl Stone Soup version 0.31-a0-233-g139696dc86 (webtiles) character file.

Game seed: 11477477874608806996

74 qw the Shooter (level 4, -1/36 HPs)
             Began as a Minotaur Hexslinger on July 7, 2023.
             Slain by an ogre
             ... wielding a +0 giant spiked club
              (22 damage)
             ... on level 4 of the Dungeon.
             The game lasted 00:00:48 (2281 turns).

qw the Shooter (Minotaur Hexslinger)                Turns: 2281, Time: 00:00:49

Health: -1/36      AC:  7    Str: 12    XL:     4   Next: 9%
Magic:  4/4        EV: 12    Int: 10    God:
Gold:   109        SH:  0    Dex: 15    Spells: 4/5 levels left

rFire   . . .        Y - +1 shortbow (flame)
rCold   + . .        (shield currently unavailable)
rNeg    . . .        k - +0 leather armour
rPois   .            (helmet restricted)
rElec   .            (no cloak)
rCorr   .            (no gloves)
SInv    .            (no boots)
Will    .....        (no amulet)
Stlth   +            a - ring of protection from cold
HPRegen 0.26/turn    d - +4 ring of protection
MPRegen 0.09/turn

%: no passive effects
@: no status effects
A: horns 2, retaliatory headbutt
a: no special abilities


You were on level 4 of the Dungeon.
You visited 1 branch of the dungeon, and saw 4 of its levels.

You collected 181 gold pieces.
You spent 72 gold pieces at shops.


Innate Abilities, Weirdness & Mutations

You have a pair of horns on your head.
You reflexively headbutt those who attack you in melee.


   Skills:
 - Level 2.0 Fighting
 + Level 4.6 Ranged Weapons
 - Level 2.1 Dodging
 - Level 1.0 Spellcasting
 - Level 2.0 Hexes


You had 4 spell levels left.
You knew the following spells:

 Your Spells              Type           Power      Damage    Failure   Level
a - Slow                  Hex            16%        N/A       19%         1

Your spell library contained the following spells:

 Spells                   Type           Power      Damage    Failure   Level
 Inner Flame              Hex/Fire       2%         N/A       65%         3
 Portal Projectile        Hex/Tloc       4%         N/A       65%         3
 Cause Fear               Hex            2%         N/A       88%         4

Inventory:

Hand Weapons
 Y - a +1 shortbow of flaming (weapon)
Armour
 k - a +0 leather armour (worn)
Jewellery
 a - a ring of protection from cold (left hand)
 d - a +4 ring of protection (right hand)
Scrolls
 i - a scroll of identify
Potions
 b - a potion of berserk rage {unknown}
 c - a potion of enlightenment {unknown}
 e - a potion of degeneration {unknown}
 f - 3 potions of heal wounds
 g - 3 potions of might
 l - a potion of mutation
 m - a potion of curing

Dungeon Overview and Level Annotations

Branches:
Dungeon (4/15)
 Temple: D:4-7

Altars:

Shops:
D:2 *

Annotations:
D:3 1 runed translucent door, Crazy Yiuf


Message History

You start waiting.
Your surroundings suddenly seem different.
Crazy Yiuf shouts!
Could not explore, unopened runed door.
(D) Dungeon
Where to? (* - list waypoints, Enter - D:3, ? - help)
What level of the Dungeon? (default 1, ? - help)
There is a stone staircase leading down here.
You climb downwards.
You hear the sound of rushing water.
There is an entrance to a sewer on this level.
Hurry and find it before the portal rusts away!
Found 15 gold pieces and a smoky black potion.
There is a stone staircase leading up here.
Waypoint 3 assigned to D:4.
2264 ||| PLANNING SEWER A quokka comes into view.
You shoot an arrow. The arrow hits the quokka.
The arrow burns the quokka.
You kill the quokka!
c - a smoky black potion You now have 109 gold pieces (gained 15).
An ogre comes into view. It is wielding a +0 giant spiked club.
You shoot an arrow. The arrow hits the ogre.
The arrow burns the ogre.
The ogre is lightly wounded.
You shoot an arrow. The arrow hits the ogre!
The arrow burns the ogre.
The ogre is heavily wounded.
You shoot an arrow. The arrow barely misses the ogre.
You shoot an arrow. The arrow barely misses the ogre.
You shoot an arrow. The arrow barely misses the ogre.
You shoot an arrow. The arrow hits the ogre.
The arrow burns the ogre.
The ogre is heavily wounded.
The ogre hits you with a +0 giant spiked club!
You shoot an arrow. The arrow closely misses the ogre.
The ogre barely misses you.
You shoot an arrow. The arrow hits the ogre.
The arrow burns the ogre.
The ogre is heavily wounded.
You shoot an arrow. The arrow hits the ogre.
The arrow burns the ogre.
The ogre is severely wounded.
The ogre hits you with a +0 giant spiked club!!
Ouch! That really hurt!
You die...

........ .......
#.....# #.....#
#.....# #.....#
#.....######+###
#.<.....@O......
+...............
#...............
#...............
#...............
#......########'
........#
.........#
.%........+


You could see an ogre.

Vanquished Creatures
  An adder (D:3)
  11 endoplasms
  6 giant cockroaches
  5 goblins
  6 hobgoblins
  2 jackals (D:1)
  5 quokkas
  4 ball pythons
  8 bats
  A frilled lizard (D:1)
  5 kobolds
  2 rats
56 creatures vanquished.

Notes
Turn   | Place    | Note
-------+----------+-------------------------------------------
     0 | D:1      | qw the Minotaur Hexslinger began the quest for the Orb.
     0 | D:1      | Reached XP level 1. HP: 16/16 MP: 1/1
     0 | D:1      | 0 ||| qw: Version: 0.3-a-46-gb1f654a
     0 | D:1      | 0 ||| qw: Game counter: 3075
     0 | D:1      | 0 ||| qw: Melee chars always use a shield: true
     0 | D:1      | 0 ||| qw: God list: Okawaru
     0 | D:1      | 0 ||| qw: Allow faded altars: false
     0 | D:1      | 0 ||| qw: Do Orc after clearing Dungeon:15 true
     0 | D:1      | 0 ||| qw: Do second Lair branch before Depths: true
     0 | D:1      | 0 ||| qw: Lair rune preference: random
     0 | D:1      | 0 ||| qw: Goals: Normal
     0 | D:1      | 0 ||| PLANNING D:1-11
   103 | D:1      | Reached skill level 3 in Ranged Weapons
   103 | D:1      | Reached XP level 2. HP: 12/23 MP: 2/2
   104 | D:1      | 104 ||| FLEEEEING.
   105 | D:1      | 105 ||| FLEEEEING.
   106 | D:1      | 106 ||| FLEEEEING.
   107 | D:1      | 107 ||| FLEEEEING.
   108 | D:1      | 108 ||| FLEEEEING.
   111 | D:1      | 111 ||| FLEEEEING.
   112 | D:1      | 112 ||| FLEEEEING.
   113 | D:1      | 113 ||| FLEEEEING.
   114 | D:1      | 114 ||| FLEEEEING.
   115 | D:1      | 115 ||| FLEEEEING.
   116 | D:1      | 116 ||| FLEEEEING.
   117 | D:1      | 117 ||| FLEEEEING.
   118 | D:1      | 118 ||| FLEEEEING.
   119 | D:1      | 119 ||| FLEEEEING.
   120 | D:1      | 120 ||| FLEEEEING.
   122 | D:1      | 122 ||| FLEEEEING.
   123 | D:1      | 123 ||| FLEEEEING.
   126 | D:1      | 126 ||| FLEEEEING.
   127 | D:1      | 127 ||| FLEEEEING.
   128 | D:1      | 128 ||| FLEEEEING.
   129 | D:1      | 129 ||| FLEEEEING.
   130 | D:1      | 130 ||| FLEEEEING.
   131 | D:1      | 131 ||| FLEEEEING.
   133 | D:1      | 133 ||| FLEEEEING.
   134 | D:1      | 134 ||| FLEEEEING.
   135 | D:1      | 135 ||| FLEEEEING.
   136 | D:1      | 136 ||| FLEEEEING.
   479 | D:1      | Reached XP level 3. HP: 29/29 MP: 3/3
   683 | D:1      | 683 ||| UPGRADING to +0 leather armour.
   693 | D:1      | 693 ||| DROPPING +0 robe.
   694 | D:1      | 694 ||| READING scroll labelled MOKACR IKEGAG.
   695 | D:1      | 695 ||| READING scroll labelled JULAPS OS UKISS.
   696 | D:1      | 696 ||| READING scroll labelled SYOSHR VOERIBLU.
   697 | D:1      | 697 ||| READING 2 scrolls labelled KITHRO EBBE.
   698 | D:1      | 698 ||| READING scroll labelled BOASMAA ECETH.
   699 | D:1      | 699 ||| DRINKING 2 puce potions.
   700 | D:1      | 700 ||| DROPPING scroll of poison.
   831 | D:2      | Reached skill level 4 in Ranged Weapons
   934 | D:2      | Found Lyrudd's General Store.
   950 | D:2      | 950 ||| BUYING potion of might (48 gold).
   950 | D:2      | Bought a potion of might for 48 gold pieces
   950 | D:2      | 950 ||| BUYING scroll of identify (24 gold).
   950 | D:2      | Bought a scroll of identify for 24 gold pieces
   950 | D:2      | 950 ||| SHOPLISTING scroll of identify (24 gold, have 20).
  1274 | D:2      | 1274 ||| SWAPPING to +0 shortbow.
  1275 | D:2      | 1275 ||| DROPPING +2 sling.
  1669 | D:2      | 1669 ||| READING scroll labelled FYTRO IZOAQEP.
  1670 | D:2      | 1670 ||| READING scroll labelled WARAL TUFFIEG.
  1671 | D:2      | 1671 ||| READING scroll labelled RESHAUG JUONI.
  1671 | D:2      | Identified a scroll of acquirement
  1671 | D:2      | 1671 ||| ACQUIRING ring of protection from cold
  1671 | D:2      | Acquired a ring of protection from cold
  1673 | D:2      | 1673 ||| UPGRADING to ring of protection from cold.
  1674 | D:2      | 1674 ||| READING scroll labelled XOTOSELUCI.
  1675 | D:2      | 1675 ||| DRINKING 2 bubbling yellow potions.
  1676 | D:2      | 1676 ||| READING 2 scrolls of identify.
  1676 | D:2      | 1676 ||| IDENTIFYING fuming white potion
  1790 | D:3      | 1790 ||| READING scroll of enchant weapon.
  1790 | D:3      | 1790 ||| ENCHANTING +0 shortbow of flaming.
  1889 | D:3      | Reached XP level 4. HP: 36/36 MP: 4/4
  2033 | D:3      | Found a runed translucent door.
  2034 | D:3      | Noticed Crazy Yiuf
  2200 | D:3      | 2200 ||| UPGRADING to +4 ring of protection.
  2201 | D:3      | 2201 ||| READING scroll labelled PILLAREOTO.
  2264 | D:4      | 2264 ||| PLANNING SEWER
  2272 | D:4      | Noticed an ogre
  2281 | D:4      | Slain by an ogre

Levels and vault maps discovered:
D:1:      dpeg_arrival_round_b, layout_basic
D:2:      layout_basic, serial_shops, shop
D:3:      layout_basic, uniq_crazy_yiuf_cottage
D:4:      layout_gridville, kennysheep_mini,
          lemuel_mausoleum_altar_kikubaaqudgha, kennysheep_mini_moat,
          gup_sewer_entry_spiral

Skill      XL: |  1  2  3 |
---------------+----------+-----
Ranged Weapons | 3 4 |  4.6
Fighting       | 2 |  2.0
Dodging        | |  2.1
Spellcasting   | |  1.0
Hexes          | |  2.0

Action                     |  1- 3 |  4- 6 || total
---------------------------+-------+-------++-------
   Fire: Sling             |    97 |       ||    97
         Shortbow          |    18 |    17 ||    35
    Use: Scroll            |    11 |     1 ||    12
         Potion            |     2 |       ||     2
 Armour: Robe              |     2 |       ||     2
         Leather armour    |     5 |     1 ||     6
  Dodge: Dodged            |    38 |     2 ||    40

Table legend:
 A = Non-vault XP
 B = Vault XP
 C = Vault XP percentage of total XP
 D = Non-vault monster count
 E = Vault monster count
 F = Vault count percentage of total count
                 A         B        C        D         E       F
            +---------+---------+-------+---------+---------+-------
      Total |     106 |       0 |   0.0 |      56 |       0 |   0.0
            +---------+---------+-------+---------+---------+-------
        D:1 |      54 |       0 |   0.0 |      32 |       0 |   0.0
        D:2 |      24 |       0 |   0.0 |      14 |       0 |   0.0
        D:3 |      26 |       0 |   0.0 |       9 |       0 |   0.0
        D:4 |       2 |       0 |   0.0 |       1 |       0 |   0.0
            +---------+---------+-------+---------+---------+-------
